 Dungeon Crawl Stone Soup version 0.28.0-53-g5a82cb258f (webtiles) character file.

Game seed: 18155616440506607391

54 zdrol the Chopper (level 3, -2/33 HPs)
             Began as a Hill Orc Fighter on June 24, 2022.
             Slain by Sigmund
             ... wielding a +0 scythe
              (6 damage)
             ... on level 2 of the Dungeon.
             The game lasted 00:05:49 (1218 turns).

zdrol the Chopper (Hill Orc Fighter)                Turns: 1218, Time: 00:05:49

Health: -2/33      AC:  9    Str: 20    XL:     3   Next: 91%
Magic:  3/3        EV:  7    Int: 10    God:
Gold:   51         SH:  4    Dex: 10    Spells: 2/2 levels left

rFire   . . .      SeeInvis .   a - +0 war axe
rCold   . . .      Faith    .   c - +0 buckler
rNeg    . . .      Spirit   .   g - +0 chain mail
rPois   .          Reflect  .   (no helmet)
rElec   .          Harm     .   (no cloak)
rCorr   .          Rampage  .   (no gloves)
Will    .....                   (no boots)
Stlth   ..........              (no amulet)
HPRegen 0.11/turn               (no ring)
MPRegen 0.08/turn               (no ring)

@: brilliant
A: clever 1, screaming 1, MP-powered wands
a: no special abilities


You were on level 2 of the Dungeon.
You visited 1 branch of the dungeon, and saw 3 of its levels.

You collected 51 gold pieces.

Inventory:

Hand Weapons
 a - a +0 war axe (weapon)
Armour
 c - a +0 buckler (worn)
 g - a +0 chain mail (worn)
Scrolls
 b - a scroll of teleportation {unknown}
 f - 2 scrolls of enchant weapon
 i - a scroll of vulnerability {unknown}
Potions
 d - a potion of might


   Skills:
 - Level 3.9 Fighting
 * Level 4.6 Axes
 - Level 3.3 Armour
 - Level 3.8 Shields


You had 2 spell levels left.
You didn't know any spells.
Your spell library contained the following spells:

 Spells                   Type           Power      Damage    Failure   Level
 Dazzling Flash           Conj/Hex       0%         N/A       100%        3
 Agony                    Necr           0%         N/A       100%        5
 Silence                  Hex/Air        0%         N/A       100%        5


Dungeon Overview and Level Annotations

Branches:
Dungeon (3/15)

Altars:

Annotations:
D:2 Sigmund


Innate Abilities, Weirdness & Mutations

Your mind is acute. (Int +2)
You occasionally shout uncontrollably at your foes.
You expend magic power (3 MP) to strengthen your wands.


Message History

The kobold hits you with a +0 whip.
* * * LOW HITPOINT WARNING * * *
You feel less confused. The kobold barely misses you.
You closely miss the kobold. Sigmund barely misses you.
The kobold closely misses you.
You hit the kobold but do no damage. Sigmund hits you but does no damage.
The kobold hits you with a +0 whip.
* * * LOW HITPOINT WARNING * * *
You slash the kobold!
You kill the kobold!
Sigmund casts a spell at you.
You are confused.
You bump into the rock wall.
Sigmund completely misses you.
Unknown command.
It was a potion of mutation.
You feel extremely strange.
You feel the urge to shout.
You feel clever.
You feel your magical essence link to the dungeon's wands.
Sigmund hits you but does no damage.
It was a potion of brilliance.
You feel clever all of a sudden. Sigmund hits you but does no damage.
You bump into the rock wall.
Sigmund says, "Your kind have come here before.
I understand now why.
You desire death..."
Sigmund casts a spell at you.
You are more confused.
You bump into the rock wall.
Sigmund casts a spell at you.
The magic dart hits you but does no damage.
Sigmund hits you but does no damage.
You bump into the rock wall.
You feel less confused. Sigmund hits you but does no damage.
You closely miss Sigmund.
Sigmund is heavily wounded.
Sigmund closely misses you.
You hit Sigmund.
Sigmund is heavily wounded.
Sigmund hits you with a +0 scythe.
You die...

## #.# #<# .#
#............#
.#
#.####.#..(...
.# #.#
#....##.# .##
#.# ### .# ...
#.# .. .## #.#
## .#
#.#######.##.
##
#..@@........
#.#....)....###
#.#.#######....
#..#.##### ###
###.###....#
#......#...##.#
###
#.............#
..#
#.............#
#.#
#............##


You could see Sigmund.

Vanquished Creatures
  An adder (D:2)
  3 ball pythons
  4 endoplasms
  3 giant cockroaches
  7 goblins
  7 hobgoblins
  A quokka (D:1)
  A bat (D:1)
  6 frilled lizards
  2 kobolds
  5 rats
40 creatures vanquished.

Vanquished Creatures (others)
  3 fungi (D:1)
  2 plants (D:1)
5 creatures vanquished.

Grand Total: 45 creatures vanquished

Notes
Turn   | Place    | Note
-------+----------+-------------------------------------------
     0 | D:1      | zdrol the Hill Orc Fighter began the quest for the Orb.
     0 | D:1      | Reached XP level 1. HP: 19/19 MP: 1/1
   111 | D:1      | Reached XP level 2. HP: 20/27 MP: 2/2
   144 | D:1      | Reached skill level 3 in Axes
   326 | D:1      | Found a faded altar of an unknown god.
   414 | D:1      | Reached XP level 3. HP: 33/33 MP: 3/3
   777 | D:2      | Reached skill level 4 in Axes
  1185 | D:2      | Noticed Sigmund
  1207 | D:2      | Gained mutation: You occasionally shout uncontrollably at
                  | your foes. [potion of mutation]
  1207 | D:2      | Gained mutation: Your mind is acute. (Int +2) [potion of
                  | mutation]
  1207 | D:2      | Gained mutation: You expend magic power (3 MP) to
                  | strengthen your wands. [potion of mutation]
  1218 | D:2      | Slain by Sigmund

Illustrated notes

Levels and vault maps discovered:
D:1:      lemuel_arrival_lava_pool, layout_rooms,
          dreamdust_ecumenical_altar_grove, kennysheep_crisscross,
          hangedman_decor_points, hangedman_decor_growths
D:2:      layout_loops_ring, minmay_statues_item, uniq_sigmund
D:3:      layout_basic, nicolae_yredelemnul_corpse_copse

Skill      XL: |  1  2  3 |
---------------+----------+-----
Axes           | 3 4 |  4.6
Fighting       | |  3.9
Armour         | |  3.3
Shields        | |  3.8

Action                   || total
-------------------------++-------
Melee: War axe           ||   104
  Use: Scroll            ||     1
       Potion            ||     2
Armor: Scale mail        ||    15
       Chain mail        ||    36
Dodge: Dodged            ||    43
Block: Buckler           ||    22
